 Dungeon Crawl Stone Soup version 0.20.0-15-g7f486f2 (webtiles) character file.

5098 KleinerIrrer the Blocker (level 10, -5/79 HPs)
             Began as a Formicid Fighter on June 30, 2017.
             Was an Initiate of Cheibriados.
             Incinerated by a smoke demon (7 damage)
             ... with a sticky flame
             ... on level 1 of the Abyss.
             The game lasted 00:21:59 (9294 turns).

KleinerIrrer the Blocker (Formicid Fighter)         Turns: 9294, Time: 00:21:59

Health: -5/79      AC: 13    Str: 25      XL:     10   Next: 87%
Magic:  10/10      EV:  7    Int:  9      God:    Cheibriados [......]
Gold:   447        SH: 12    Dex: 10 (11) Spells: 9/9 levels left

rFire    . . .     SeeInvis +   L - +4 trident (curse)
rCold    . . .     Gourm    .   c - +0 shield
rNeg     . . .     Faith    .   E - +0 plate armour
rPois    +         Spirit   .   (helmet unavailable)
rElec    .         Reflect  .   (no cloak)
rCorr    +         Harm     .   (no gloves)
MR       +....                  (no boots)
Stlth    ..........             (no amulet)
Regen    0.0/turn               F - ring of poison resistance
MPRegen  0.2/turn               x - ring of resist corrosion

@: liquid flames, non-regenerating, diseased, glowing, very slow
A: permanent stasis, dig shafts and tunnels, four strong arms, antennae 3
a: Dig, Shaft Self, Bend Time, Renounce Religion


You were on level 1 of the Abyss.
You worshipped Cheibriados.
Cheibriados was noncommittal.
You were not hungry.

You visited 2 branches of the dungeon, and saw 11 of its levels.
You visited the Abyss 1 time.

You collected 447 gold pieces.

Inventory:

Hand Weapons
 a - a +1 war axe
 L - a cursed +4 trident (weapon)
Armour
 c - a +0 shield (worn)
 p - the +3 pair of gauntlets of War {Slay+5}
   (You found it on level 8 of the Dungeon)

   It affects your accuracy and damage with ranged weapons and melee attacks
   (+5).
 E - a +0 plate armour (worn)
 G - the +0 robe of the Assorted Tales {rC+ rN+ Str+2}
   (You found it on level 6 of the Dungeon)

   It affects your strength (+2).
   It protects you from cold.
   It protects you from negative energy.
Magical Staves
 m - an uncursed staff of conjuration
Jewellery
 q - an uncursed ring of wizardry
 x - a ring of resist corrosion (right hand)
 F - a ring of poison resistance (left hand)
Wands
 k - a wand of paralysis (11/24)
 y - a wand of confusion (14/48)
 H - a wand of digging (9/24)
 J - a wand of random effects (17/48)
 M - a wand of flame (25/48)
 O - a wand of digging (8/24)
Scrolls
 b - a scroll of fog {unknown}
 i - 4 scrolls of teleportation
 j - 8 scrolls of remove curse
 s - 2 scrolls of recharging {unknown}
 A - a scroll of enchant weapon
 B - 3 scrolls of fear {unknown}
 C - 5 scrolls of amnesia {unknown}
 D - 5 scrolls of identify
 K - a scroll of immolation {unknown}
 N - a scroll of acquirement {unknown}
Potions
 e - 2 potions of flight {unknown}
 h - a potion of haste {unknown}
 l - 4 potions of mutation
 n - 3 potions of ambrosia
 o - 3 potions of brilliance
 r - 4 potions of degeneration {unknown}
 t - 2 potions of magic {unknown}
 v - 2 potions of resistance {unknown}
 z - a potion of berserk rage {unknown}
 I - a potion of lignification {unknown}
 P - 2 potions of cancellation {unknown}
 Q - a potion of heal wounds {unknown}
Comestibles
 f - 5 bread rations
 g - 7 meat rations
 u - 4 fruits
 w - 6 royal jellies


   Skills:
 + Level 7.4 Fighting
 * Level 9.4 Axes
 + Level 8.4 Armour
 - Level 1.0 Stealth
 - Level 10.0 Shields
 * Level 1.2 Invocations


You had 9 spell levels left.
You didn't know any spells.

Dungeon Overview and Level Annotations

Branches:
Dungeon (10/15)            Temple (1/1) D:7
   Lair: D:8-11         Orc: D:9-12

Altars:
Ashenzari
Cheibriados
Dithmenos
Elyvilon
Fedhas
Gozag
Hepliaklqana
Kikubaaqudgha
Makhleb
Nemelex Xobeh
Okawaru
Qazlal
Ru
Sif Muna
Trog
Uskayaw
Vehumet
Xom
Yredelemnul
Zin
The Shining One

Shops:
D:7 :

Annotations:
D:5 Timinator's ghost, novice GrEE
D:9 Erolcha


Innate Abilities, Weirdness & Mutations

You cannot be hasted, slowed, berserked, paralysed or teleported.
You can dig through walls and to a lower floor.
Your four strong arms can wield two-handed weapons with a shield.
You have a pair of large antennae on your head. (SInv)


Message History

The smoke demon hits you.
* * * LOW HITPOINT WARNING * * *
The smoke demon barely misses you.
You feel ill.
A rakshasa comes into view. It is wielding a long sword.
The smoke demon gestures at you. Something smites you!
* * * LOW HITPOINT WARNING * * *
You are too injured to fight recklessly!
You are too injured to fight recklessly!
You are too injured to fight recklessly!
You are too injured to fight recklessly!
You are too injured to fight recklessly!
You are too injured to fight recklessly!
You are too injured to fight recklessly!
The smoke demon gestures at you. The sticky flame hits you!
You are covered in liquid flames!
You are covered in liquid flames!
You die...

#....#..#...........
................. ..
............#{.##..##
#.....#.R..#..##..#
##...###.......(. ..
.#.....#..x........ .
..........3.#..##..##
............#..# ..#
.......@......... ...
.#.....#.......... ..
##...###...#..##..
#.... ....#..# ..
..... ......... .....
......... .... ...#..
.#.. .#..


You could see a rakshasa, an ancient zyme and a smoke demon.

Vanquished Creatures
  An efreet (Abyss:1)
  4 hippogriffs
  5 yaks (D:7)
  2 hungry ghosts
  2 ice beasts
  2 orc warriors
  2 sky beasts
  A necrophage (D:8)
  2 centaurs
  4 ogres
  A big kobold (D:7)
  A bullfrog (D:6)
  7 scorpions
  3 wights (D:8)
  4 howler monkeys
  4 crimson imps
  A small abomination (Abyss:1)
  2 hounds (D:8)
  A quasit (Abyss:1)
  3 jellies
  3 bullfrog skeletons
  A gnoll shaman (D:7)
  2 iguanas
  3 orc wizards
  4 worker ants
  A killer bee zombie (D:8)
  A hound skeleton (D:6)
  A howler monkey skeleton (D:7)
  15 gnolls
  19 adders
  4 shadow imps
  An ooze (D:3)
  2 adder skeletons
  3 worms (D:2)
  6 dart slugs
  3 leopard geckos
  23 orcs
  6 giant cockroaches
  8 goblins
  6 hobgoblins
  4 jackals (D:7)
  13 kobolds
  3 quokkas
  10 bats
  7 frilled lizards
  A leopard gecko zombie (D:6)
  A quokka zombie (D:7)
  10 rats
213 creatures vanquished.

Vanquished Creatures (others)
  16 fungi (D:7)
16 creatures vanquished.

Grand Total: 229 creatures vanquished

Notes
Turn   | Place    | Note
-------+----------+-------------------------------------------
     0 | D:1      | KleinerIrrer the Formicid Fighter began the quest for the Orb.
     0 | D:1      | Reached XP level 1. HP: 18/18 MP: 1/1
   113 | D:1      | Reached XP level 2. HP: 17/24 MP: 2/2
   122 | D:1      | Reached skill level 4 in Shields
   464 | D:1      | Reached XP level 3. HP: 25/29 MP: 3/3
   655 | D:2      | Reached XP level 4. HP: 5/37 MP: 4/4
  1429 | D:2      | Reached XP level 5. HP: 21/42 MP: 5/5
  1887 | D:2      | Found an ancient bone altar of Kikubaaqudgha.
  2400 | D:3      | Found an iron altar of Okawaru.
  2435 | D:3      | Reached skill level 5 in Shields
  2530 | D:3      | Found a shadowy altar of Dithmenos.
  2544 | D:3      | Found a glowing golden altar of the Shining One.
  2922 | D:4      | Reached XP level 6. HP: 48/48 MP: 6/6
  3117 | D:4      | Reached skill level 1 in Stealth
  3272 | D:4      | Noticed a moth of wrath
  3275 | D:4      | Found a bloodstained altar of Trog.
  3749 | D:5      | Entered Level 5 of the Dungeon
  3890 | D:5      | Noticed Timinator's ghost (novice GrEE)
  4232 | D:4      | Noticed an ogre
  4243 | D:4      | Killed an ogre
  4367 | D:5      | Reached XP level 7. HP: 49/54 MP: 7/7
  4717 | D:5      | Reached skill level 5 in Armour
  4725 | D:5      | Reached skill level 6 in Shields
  4776 | D:5      | Reached skill level 5 in Axes
  4784 | D:5      | Found a shattered altar of Ashenzari.
  4812 | D:5      | Reached XP level 8. HP: 29/61 MP: 8/8
  5319 | D:6      | Got a warped robe
  5330 | D:6      | Identified the cursed +0 robe of the Assorted Tales {rC+ rN+ Str+2} (You found it on level 6 of the Dungeon)
  5508 | D:6      | Found a hazy altar of Hepliaklqana.
  5510 | D:6      | Found a stormy altar of Qazlal.
  5566 | D:7      | Noticed a hippogriff
  5587 | D:7      | Killed a hippogriff
  5587 | D:7      | Reached skill level 7 in Shields
  5595 | D:7      | Reached skill level 5 in Fighting
  5595 | D:7      | Reached XP level 9. HP: 24/68 MP: 9/9
  5897 | D:7      | You fall through a shaft for 3 floors!
  5897 | D:10     | Entered Level 10 of the Dungeon
  5965 | D:10     | Noticed a hippogriff
  5974 | D:10     | Killed a hippogriff
  6107 | D:8      | Reached skill level 8 in Shields
  7400 | D:7      | Noticed a hippogriff
  7449 | D:8      | Killed a hippogriff
  7449 | D:8      | Reached XP level 10. HP: 59/76 MP: 10/10
  7544 | D:7      | Found Helixom's Book Emporium.
  7713 | D:7      | Found a burning altar of Makhleb.
  7728 | D:7      | Reached skill level 9 in Shields
  8633 | D:7      | Found a staircase to the Ecumenical Temple.
  8781 | Temple   | Entered the Ecumenical Temple
  8828 | Temple   | Became a worshipper of Cheibriados the Contemplative
  8915 | D:9      | Noticed a centaur warrior
  8926 | D:8      | Reached skill level 10 in Shields
  9082 | D:9      | Noticed Erolcha
  9084 | D:9      | Cast into level 1 of the Abyss (Erolcha)
  9147 | Abyss:1  | Found a corrupted altar of Lugonu.
  9162 | Abyss:1  | Found a corrupted altar of Lugonu.
  9194 | Abyss:1  | Noticed an efreet
  9205 | Abyss:1  | Killed an efreet
  9205 | Abyss:1  | Reached skill level 1 in Invocations
  9278 | Abyss:1  | Noticed a smoke demon
  9286 | Abyss:1  | Noticed a smoke demon
  9291 | Abyss:1  | Noticed a rakshasa
  9292 | Abyss:1  | HP: 2/79 [smoke demon/divine providence (14)]
  9294 | Abyss:1  | Incinerated by a smoke demon

Skill      XL: |  1  2  3  4  5  6  7  8  9 10 |
---------------+-------------------------------+-----
Shields        | 4 5 6 7 8 10 | 10.0
Axes           | 3 4 5 7 8 9 |  9.4
Armour         | 4 5 7 8 |  8.4
Stealth        | 1 |  1.0
Fighting       | 4 5 7 |  7.4
Invocations    | 1 |  1.2

Action                   |  1- 3 |  4- 6 |  7- 9 | 10-12 || total
-------------------------+-------+-------+-------+-------++-------
Melee: War axe           |    73 |   239 |   229 |       ||   541
       Trident           |       |       |   110 |   256 ||   366
  Use: Scroll            |       |     7 |     1 |       ||     8
       Potion            |       |       |     2 |     1 ||     3
  Eat: Bread ration      |       |     1 |     1 |       ||     2
       Chunk             |       |     6 |    10 |     8 ||    24
Armor: Scale mail        |    32 |    76 |       |       ||   108
       Plate armour      |       |     6 |   191 |   138 ||   335
Dodge: Dodged            |    36 |    78 |    81 |    67 ||   262
Block: Shield            |    40 |   140 |   192 |   185 ||   557
